 Dungeon Crawl Stone Soup version 0.31-a0-636-ge1c0e020e0 (webtiles) character file.

Game seed: 12042035139852311422

16854 rvierbuc the Geomancer (level 12, -5/89 HPs)
             Began as a Grey Draconian Earth Elementalist on Aug 27, 2023.
             Was an Elder of Vehumet.
             Slain by a catoblepas (8 damage)
             ... while petrified by a catoblepas
             ... on level 13 of the Dungeon.
             The game lasted 00:52:55 (14552 turns).

rvierbuc the Geomancer (DrEE)                      Turns: 14552, Time: 00:52:56

Health: -5/89      AC: 20    Str: 11    XL:     12   Next: 13%
Magic:  24/36      EV:  2    Int: 20    God:    Vehumet [****..]
Gold:   648        SH:  0    Dex: 12    Spells: 14/34 levels left

rFire   . . .        H - +7 staff of the Meek {protect, meekguard}
rCold   . . .        (shield currently unavailable)
rNeg    + + +        (body armour unavailable)
rPois   ∞            (helmet restricted)
rElec   .            f - +0 cloak
rCorr   .            O - +0 pair of gloves
SInv    .            w - +0 pair of boots
Will    .....        b - amulet of reflection
Stlth   ++           r - ring of magical power
HPRegen 0.34/turn    q - +4 ring of protection
MPRegen 0.25/turn

%: reflection
@: petrified
A: AC +13, amphibious, unfitting armour, cold-blooded
a: Renounce Religion


You were on level 13 of the Dungeon.
You worshipped Vehumet.
Vehumet was greatly pleased with you.
You visited 2 branches of the dungeon, and saw 14 of its levels.
You also visited: Ossuary.

You collected 648 gold pieces.

Inventory:

Hand Weapons
 e - a +3 dagger of venom
 H - the +7 staff of the Meek (weapon) {protect, meekguard}
   (You found it on level 7 of the Dungeon)
 I - a +3 quarterstaff of chaos
 K - a +5 long sword of freezing
Missiles
 N - a throwing net
Armour
 f - a +0 cloak (worn)
 k - an orb of energy
 w - a +0 pair of boots (worn)
 O - a +0 pair of gloves (worn)
Magical Staves
 s - a staff of conjuration
 M - a staff of conjuration
Jewellery
 b - an amulet of reflection (around neck)
 q - a +4 ring of protection (right hand)
 r - a ring of magical power (left hand)
 J - a +4 ring of protection
 L - a ring of ice
Wands
 m - a wand of flame (23)
 o - a wand of quicksilver (12)
 y - a wand of roots (15)
Scrolls
 c - a scroll of poison
 d - 2 scrolls of immolation {unknown}
 i - 7 scrolls of enchant armour {unknown}
 j - 2 scrolls of noise {unknown}
 l - 4 scrolls of fog
 u - 4 scrolls of teleportation
 v - a scroll of brand weapon {unknown}
 x - a scroll of blinking
 C - a scroll of vulnerability {unknown}
 F - 4 scrolls of fear
 Q - a scroll of enchant weapon
Potions
 a - 3 potions of magic
 g - a potion of heal wounds
 h - 3 potions of lignification {unknown}
 n - 3 potions of cancellation
 p - 2 potions of brilliance
 t - a potion of invisibility
 z - a potion of attraction
 A - 3 potions of curing
 B - 2 potions of resistance
 D - 2 potions of mutation
 E - a potion of ambrosia
 G - 2 potions of degeneration
 P - a potion of haste


   Skills:
 + Level 3.5 Fighting
 - Level 1.9 Short Blades
 + Level 4.2 Staves
 + Level 5.0 Dodging
 + Level 4.1 Stealth
 + Level 4.0 Shields
 - Level 0.4 Unarmed Combat
 + Level 11.8 Spellcasting
 + Level 5.0 Conjurations
 + Level 1.5 Transmutations
 + Level 13.4 Earth Magic


You had 14 spell levels left.
You knew the following spells:

 Your Spells              Type           Power      Damage    Failure   Level
a - Sandblast             Erth           100%       2d20      0%          1
b - Passwall              Tmut/Erth      34%        N/A       1%          2
c - Stone Arrow           Conj/Erth      96%        3d13      1%          3
d - Kiss of Death         Conj/Necr      84%        2d11      1%          1
e - Wereblood             Tmut           17%        N/A       4%          2
f - Hailstorm             Conj/Ice       21%        3d6       1%          3
g - Petrify               Tmut/Erth      41%        N/A       2%          4
h - Flame Wave            Conj/Fire      21%        2d8       5%          4

Your spell library contained the following spells:

 Spells                   Type           Power      Damage    Failure   Level
 Volatile Blastmotes      Fire/Tloc      22%        2d11      4%          3
 Poisonous Vapours        Pois/Air       22%        N/A       2%          2
 Scorch                   Fire           22%        2d5       2%          2
 Mephitic Cloud           Conj/Pois/Air  18%        N/A       2%          3
 Leda's Liquefaction      Hex/Erth       19%        N/A       3%          4
 Apportation              Tloc           22%        N/A       6%          1
 Slow                     Hex            44%        N/A       6%          1
 Sublimation of Blood     Necr           11%        N/A       9%          2
 Irradiate                Conj/Tmut      12%        3d15      11%         5
 Call Canine Familiar     Summ           11%        N/A       17%         3
 Confusing Touch          Hex            11%        N/A       17%         3
 Portal Projectile        Hex/Tloc       22%        N/A       17%         3
 Vampiric Draining        Necr           11%        2d6       17%         3
 Freezing Cloud           Conj/Ice/Air   9%         6-21      21%         5
 Dispel Undead            Necr           11%        3d9       50%         4
 Alistair's Intoxication  Tmut/Pois      9%         N/A       75%         5
 Summon Cactus Giant      Summ           5%         N/A       100%        6


Dungeon Overview and Level Annotations

Branches:
Dungeon (13/15)            Temple (1/1) D:4            Lair (0/5) D:10
    Orc (0/2) D:10        Ossuary (visited)
 Vaults: D:13-14

Altars:
Ashenzari
Cheibriados
Dithmenos
Elyvilon
Fedhas
Gozag
Hepliaklqana
Kikubaaqudgha
Makhleb
Nemelex Xobeh
Okawaru
Qazlal
Ru
Sif Muna
Trog
Uskayaw
Vehumet
Wu Jian
Xom
Zin
The Shining One

Shops:
D:2 !   D:3 !

Portals:
Abyss: D:6
Trove: D:10 (give 4 potions of resistance)

Annotations:
D:6 2 transporters, AtlasWard's ghost, novice DrMo


Innate Abilities, Weirdness & Mutations

Your dull iron-grey scales are very hard. (AC +13)
You are amphibious.
You cannot fit into any form of body armour.
You are cold-blooded and may be slowed by cold attacks.


Message History

The catoblepas smashes its foot into the ground.
The catoblepas closely misses you.
You hit the catoblepas.
You tail-slap the catoblepas, but do no damage.
The catoblepas is almost dead.
You are engulfed in calcifying dust.
You block the catoblepas's attack.
Your limbs are stiffening.
Unknown command.
You are too injured to fight recklessly!
Aiming: Stone Arrow (safe; 1% risk of failure)
Press: ? - help, Q - select action, (/) - cycle Shift-Dir - straight line, f/p - catoblepas
Aim: a catoblepas (almost dead, 100% to hit)
The stone arrow hits the catoblepas.
The catoblepas is almost dead.
You are engulfed in calcifying dust.
Your limbs have turned to stone.
The catoblepas gores you!!
* * * LOW HITPOINT WARNING * * *
The catoblepas gores you!
* * * LOW HITPOINT WARNING * * *
You have turned to stone.
The catoblepas breathes a plume of calcifying dust at you.
The blast of calcifying dust hits you but does no damage.
You are engulfed in calcifying dust.
The catoblepas breathes a plume of calcifying dust at you.
The blast of calcifying dust hits you.
* * * LOW HITPOINT WARNING * * *
You are engulfed in calcifying dust.
The catoblepas gores you but does no damage.
You are engulfed in calcifying dust.
The catoblepas breathes a plume of calcifying dust at you.
The blast of calcifying dust hits you but does no damage.
You are engulfed in calcifying dust.
The catoblepas breathes a plume of calcifying dust at you.
The blast of calcifying dust hits you!
* * * LOW HITPOINT WARNING * * *
You are engulfed in calcifying dust.
The catoblepas breathes a plume of calcifying dust at you.
The blast of calcifying dust hits you but does no damage.
The catoblepas gores you!
You die...

###'####.......#
#####..............#
|..................#
...................#
.......§...........#
.......§...........#
...##.....##.....###
... #..§..########
#..@..# #..Y..#
#.....# #.....#
##+####


You could see a catoblepas.

Vanquished Creatures
  Frances (D:12)
  Fannar (D:10)
  A boulder beetle (D:12)
  6 two-headed ogres
  The ghost of wormstring the Martial Artist, a novice GnSh of Qazlal (D:8)
  Pikel (D:7)
  An ugly thing (D:11)
  A manticore (D:12)
  A komodo dragon (D:10)
  A troll (D:12)
  A hornet (D:7)
  Prince Ribbit (D:9)
  14 yaks
  A shadow (D:12)
  2 wyverns (D:9)
  6 vampire mosquitoes
  Menkaure (Ossuary)
  Edmund (D:6)
  3 acid dragons
  A water moccasin (D:7)
  3 orc warriors
  A black bear (D:6)
  An ice beast (D:8)
  A sky beast (D:7)
  A centaur (D:10)
  2 ogres
  A phantom (D:5)
  A lemure (D:7)
  A necrophage (D:5)
  A scorpion (D:5)
  A gnoll sergeant (D:8)
  A wyvern zombie (D:5)
  17 wights
  19 killer bees
  13 howler monkeys
  2 bullfrog zombies (D:5)
  A human zombie (D:5)
  A centaur zombie (D:5)
  2 hounds
  A gnoll bouda (D:5)
  7 orc priests
  Crazy Yiuf (D:7)
  2 jellies
  A sleepcap (D:4)
  A scorpion zombie (D:5)
  Terence (D:2)
  2 iguanas
  10 orc wizards
  A killer bee zombie (D:5)
  5 mummies
  Robin (D:2)
  10 gnolls
  11 adders
  A shadow imp (D:6)
  An adder zombie (D:5)
  2 worms
  6 dart slugs
  41 orcs
  4 ball pythons
  6 bats
  8 endoplasms
  3 giant cockroaches (D:1)
  19 goblins
  10 hobgoblins
  2 jackals (D:2)
  2 quokkas
  4 frilled lizards
  5 gnoll skeletons (Ossuary)
  5 gnoll zombies (Ossuary)
  4 goblin skeletons (Ossuary)
  5 goblin zombies (Ossuary)
  2 hobgoblin skeletons (Ossuary)
  4 hobgoblin zombies (Ossuary)
  10 kobolds
  4 kobold skeletons (Ossuary)
  4 kobold zombies (Ossuary)
  7 orc skeletons (Ossuary)
  3 orc zombies (Ossuary)
  5 rats
  3 rat skeletons (Ossuary)
  4 rat zombies (Ossuary)
344 creatures vanquished.

Notes
Turn   | Place    | Note
-------+----------+-------------------------------------------
     0 | D:1      | rvierbuc the Draconian Earth Elementalist began the quest
                  | for the Orb.
     0 | D:1      | Reached XP level 1. HP: 14/14 MP: 3/3
   148 | D:1      | Reached XP level 2. HP: 20/20 MP: 1/5
  1129 | D:1      | Reached XP level 3. HP: 26/26 MP: 2/6
  1525 | D:2      | Reached skill level 4 in Earth Magic
  1609 | D:2      | Reached XP level 4. HP: 33/33 MP: 3/7
  1612 | D:2      | Learned a level 2 spell: Passwall
  1616 | D:2      | Learned a level 3 spell: Stone Arrow
  1681 | D:2      | Found Foetyffi's Distillery.
  1821 | D:2      | Noticed Terence
  1829 | D:2      | Killed Terence
  2176 | D:2      | Noticed Robin
  2203 | D:2      | Killed Robin
  2485 | D:2      | Found a faded altar of an unknown god.
  2636 | D:3      | Reached XP level 5. HP: 27/38 MP: 7/9
  2752 | D:3      | Found a radiant altar of Vehumet.
  2798 | D:3      | HP: 1/38 [orc priest/divine providence (12)]
  3061 | D:3      | Found Serghaar's Distillery.
  3353 | D:3      | Reached skill level 1 in Fighting
  4068 | D:4      | Found a staircase to the Ecumenical Temple.
  4101 | Temple   | Entered the Ecumenical Temple
  4225 | D:3      | Became a worshipper of Vehumet
  4290 | D:4      | Noticed an ogre
  4292 | D:4      | Killed an ogre
  4293 | D:4      | Reached skill level 5 in Earth Magic
  4293 | D:4      | Reached XP level 6. HP: 47/47 MP: 11/11
  4382 | D:4      | HP: 2/47 [sleepcap (17)]
  4576 | D:4      | Reached skill level 1 in Short Blades
  4624 | D:4      | Reached skill level 1 in Shields
  4759 | D:4      | Found a broken altar of Ashenzari.
  4804 | D:4      | Found a snail-covered altar of Cheibriados.
  4869 | D:5      | Entered Level 5 of the Dungeon
  4907 | D:5      | Your scales start taking on a dull iron-grey colour.
  4907 | D:5      | Reached skill level 6 in Earth Magic
  4907 | D:5      | Reached XP level 7. HP: 40/52 MP: 13/13
  5095 | D:5      | Found an ancient bone altar of Kikubaaqudgha.
  5206 | D:5      | Found a sand-covered staircase.
  5213 | Ossuary  | Entered an ossuary
  5380 | Ossuary  | Reached * piety under Vehumet
  5380 | Ossuary  | Offered knowledge of Kiss of Death by Vehumet.
  5626 | Ossuary  | Noticed Menkaure
  5630 | Ossuary  | Killed Menkaure
  5631 | Ossuary  | Reached skill level 5 in Spellcasting
  5631 | Ossuary  | Reached skill level 7 in Earth Magic
  5692 | Ossuary  | Learned a level 1 spell: Kiss of Death
  5834 | D:5      | Reached ** piety under Vehumet
  5895 | D:5      | Offered knowledge of Momentum Strike by Vehumet.
  6373 | D:5      | Reached XP level 8. HP: 59/59 MP: 16/16
  6492 | D:5      | Reached skill level 8 in Earth Magic
  6630 | D:6      | Found an opulent altar of Gozag.
  6630 | D:6      | Found a sparkling altar of Nemelex Xobeh.
  6706 | D:6      | Found a white marble altar of Elyvilon.
  6895 | D:6      | Found a transporter.
  6937 | D:6      | Reached skill level 9 in Earth Magic
  7112 | D:6      | Noticed a white ugly thing
  7122 | D:6      | Found a transporter.
  7146 | D:6      | Found a one-way gate to the infinite horrors of the Abyss.
  7227 | D:6      | Offered knowledge of Searing Ray by Vehumet.
  7228 | D:6      | Reached XP level 9. HP: 64/64 MP: 19/19
  7231 | D:6      | Learned a level 2 spell: Wereblood
  7647 | D:6      | Noticed Edmund
  7653 | D:6      | Killed Edmund
  7729 | D:6      | Noticed AtlasWard's ghost (novice DrMo)
  7798 | D:7      | Noticed Pikel
  7824 | D:7      | Killed Pikel
  7906 | D:7      | Reached skill level 10 in Earth Magic
  7981 | D:7      | Found a runed translucent door.
  7989 | D:7      | Reached *** piety under Vehumet
  8261 | D:7      | Offered knowledge of Hailstorm by Vehumet.
  8262 | D:7      | Reached XP level 10. HP: 25/73 MP: 22/22
  8266 | D:7      | Learned a level 3 spell: Hailstorm
  8898 | D:7      | Noticed Crazy Yiuf
  9028 | D:7      | Found the +7 staff of the Meek {protect, meekguard}
  9213 | D:7      | Killed Crazy Yiuf
  9434 | D:8      | Reached skill level 11 in Earth Magic
  9493 | D:8      | Found a bloodstained altar of Trog.
  9555 | D:8      | Found a runed translucent door.
  9563 | D:8      | Noticed wormstring's ghost (novice GnSh)
  9578 | D:8      | Killed wormstring's ghost
  9579 | D:8      | Reached skill level 1 in Staves
  9727 | D:8      | Reached **** piety under Vehumet
  9826 | D:8      | Found a shadowy altar of Dithmenos.
  9834 | D:8      | Found a blossoming altar of Fedhas.
  9839 | D:8      | Found a glowing silver altar of Zin.
  9854 | D:8      | Noticed a two-headed ogre
  9865 | D:8      | Killed a two-headed ogre
  9866 | D:8      | Reached skill level 10 in Spellcasting
  9904 | D:8      | You fall into a shaft and drop 2 floors!
  9904 | D:10     | Entered Level 10 of the Dungeon
  9909 | D:10     | Found a stormy altar of Qazlal.
  9991 | D:10     | Found a staircase to the Lair.
 10041 | D:10     | Found a staircase to the Orcish Mines.
 10080 | D:10     | Noticed Fannar
 10093 | D:10     | Killed Fannar
 10094 | D:10     | Reached skill level 12 in Earth Magic
 10277 | D:9      | Learned a level 4 spell: Petrify
 10289 | D:9      | Offered knowledge of Volatile Blastmotes by Vehumet.
 10291 | D:9      | Noticed a two-headed ogre
 10302 | D:9      | Killed a two-headed ogre
 10303 | D:9      | Reached skill level 1 in Conjurations
 10303 | D:9      | Reached XP level 11. HP: 74/80 MP: 22/25
 10604 | D:9      | Noticed Prince Ribbit
 10624 | D:9      | Killed Prince Ribbit
 11505 | D:10     | Found a portal to a secret trove of treasure.
 11674 | D:10     | Noticed a two-headed ogre
 11679 | D:10     | Killed a two-headed ogre
 12472 | D:11     | Noticed a red ugly thing
 12476 | D:11     | Killed a red ugly thing
 12576 | D:11     | Noticed a two-headed ogre
 12589 | D:11     | Killed a two-headed ogre
 12590 | D:11     | Reached skill level 13 in Earth Magic
 12766 | D:11     | Found a shadowy altar of Dithmenos.
 13095 | D:11     | Noticed a two-headed ogre
 13101 | D:11     | Killed a two-headed ogre
 13642 | D:12     | Noticed a boulder beetle
 13657 | D:12     | Killed a boulder beetle
 13812 | D:12     | Noticed Frances
 13824 | D:12     | Killed Frances
 13825 | D:12     | Reached XP level 12. HP: 18/89 MP: 14/27
 14041 | D:12     | Noticed a two-headed ogre
 14061 | D:12     | Killed a two-headed ogre
 14425 | D:13     | Reached skill level 5 in Conjurations
 14427 | D:13     | Reached skill level 5 in Dodging
 14505 | D:13     | Learned a level 4 spell: Flame Wave
 14514 | D:13     | Noticed a catoblepas
 14550 | D:13     | HP: 2/89 [catoblepas/blast of calcifying dust (4)]
 14552 | D:13     | Slain by a catoblepas

Illustrated notes

Levels and vault maps discovered:
D:1:      amcnicky_arrival_single_pillar, layout_basic
D:2:      layout_loops_corners, dreamdust_ecumenical_altar_angels_and_demons,
          serial_shops, nicolae_shop_crystal, uniq_terence, uniq_robin
D:3:      corexii_shack_village, layout_basic, mainiacjoe_overflow_boulevard,
          serial_shops, shop_fountains
D:4:      layout_cave_pools, old_standard_altar, kennysheep_mini_moat,
          minmay_temple_entry_purple_smoke
D:5:      layout_gridville, lemuel_mausoleum_altar_kikubaaqudgha,
          nicolae_ossuary_entry_plus
D:6:      layout_gridville, grunt_temple_overflow_opulence, old_standard_altar,
          gammafunk_ghost_abyssal_escape, uniq_edmund
D:7:      layout_layer_cave, enter_bailey_5, pf_guarded_unrand_meek, uniq_pikel,
          uniq_crazy_yiuf_cottage
D:8:      layout_rooms, mainiacjoe_overflow_six_doors_small,
          grunt_temple_overflow_open, mainiacjoe_overflow_concentric_impassable,
          special_room [special_room_orc], serial_glass, glass_columns_a,
          glass_columns_a, ebering_ghost_reflecting_pool
D:9:      layout_gridville, uniq_prince_ribbit1
D:10:     layout_layer_cave, nicolae_qazlal_style_of_elements,
          david_lair_shrubbed, orc_0_dummy, enter_trove_2, uniq_fannar
D:11:     layout_loops_ring, nicolae_dithmenos_the_darkroom
D:12:     layout_basic, uniq_frances
D:13:     layout_stronghold, nicolae_shop_fire_sale [nicolae_sub_dead_trees]
Temple:   dpeg_three_leaves_temple

Skill      XL: |  1  2  3  4  5  6  7  8  9 10 11 12 |
---------------+-------------------------------------+-----
Stealth        | 2 3 4 |  4.1
Dodging        | 2 3 4 5 |  5.0
Earth Magic    | 4 5 6 7 9 10 12 13 | 13.4
Spellcasting   | 3 4 5 7 8 10 11 | 11.8
Fighting       | 1 2 3 |  3.5
Short Blades   | 1 |  1.9
Shields        | 1 2 3 4 |  4.0
Staves         | 2 4 |  4.2
Conjurations   | 1 4 5 |  5.0
Unarmed Combat | |  0.4
Transmutations | |  1.5

Action                     |  1- 3 |  4- 6 |  7- 9 | 10-12 || total
---------------------------+-------+-------+-------+-------++-------
  Melee: Unarmed           |    15 |       |       |       ||    15
         Tailslap          |     4 |     8 |    14 |    15 ||    41
         Dagger            |       |    70 |    66 |       ||   136
         Quarterstaff      |       |       |       |    91 ||    91
         Staff             |       |       |       |     1 ||     1
   Cast: Sandblast         |    43 |    85 |   218 |    71 ||   417
         Stone Arrow       |       |       |       |   175 ||   175
         Petrify           |       |       |       |     1 ||     1
    Use: Potion            |       |     1 |     4 |       ||     5
         Scroll            |       |       |     2 |    11 ||    13
   Stab: Sleeping          |       |     3 |       |       ||     3
 Armour: Skin              |     5 |    46 |    91 |   111 ||   253
  Dodge: Dodged            |     9 |    75 |   119 |   109 ||   312
  Block: Other             |     5 |       |       |    41 ||    46
         Orb               |       |    30 |    55 |     1 ||    86
         Reflection        |       |     4 |       |     2 ||     6

Table legend: (Time is in decaauts)
 A = Elapsed time spent in this place.
 B = Non-inter-level travel time spent in this place.
 C = Inter-level travel time spent in this place.
 D = Time resting spent in this place.
 E = Time spent auto-exploring this place.
 F = Levels seen in this place.
 G = Mean time per level.
                   A        B        C        D        E       F      G
               +--------+--------+--------+--------+--------+-----+--------+
         Total |  14742 |  14013 |    729 |    897 |  10410 |  15 |  982.8 |
       Dungeon |  14124 |  13403 |    721 |    897 |  10067 |  13 | 1086.5 |
        Temple |     65 |     57 |      8 |      0 |      0 |   1 |   65.0 |
       Ossuary |    552 |    552 |      0 |      0 |    343 |   1 |  552.0 |
               +--------+--------+--------+--------+--------+-----+--------+

Top non-repeatable levels by time:
     D:7: 1616 daAuts
    D:10: 1485 daAuts
     D:3: 1443 daAuts
     D:2: 1403 daAuts
     D:1: 1283 daAuts
     D:5: 1243 daAuts
     D:6: 1155 daAuts
    D:12: 1048 daAuts
     D:9: 912 daAuts
    D:11: 907 daAuts
     D:8: 775 daAuts
     D:4: 716 daAuts
 Ossuary: 552 daAuts
    D:13: 133 daAuts
  Temple: 65 daAuts
